 Dungeon Crawl Stone Soup version 0.29.1-2-gbd0b4ee654 (webtiles) character file.

Game seed: 13595489268113243001

155 adizb the Ruffian (level 5, 0/53 HPs)
             Began as a Troll Fighter on Oct 28, 2022.
             Slain by a gnoll
             ... wielding a +0 halberd
              (7 damage)
             ... on level 2 of the Dungeon.
             The game lasted 00:04:46 (1263 turns).

adizb the Ruffian (Troll Fighter)                   Turns: 1263, Time: 00:04:46

Health: 0/53       AC:  4    Str: 24    XL:     5   Next: 14%
Magic:  4/4        EV:  8    Int:  4    God:
Gold:   107        SH:  8    Dex: 11    Spells: 4/4 levels left

rFire   . . .      SeeInvis .     - Unarmed
rCold   . . .      Faith    .   b - +0 kite shield
rNeg    . . .      Spirit   .   a - +0 robe
rPois   +          Reflect  .   (helmet restricted)
rElec   .          Harm     .   (no cloak)
rCorr   .          Rampage  .   (gloves unavailable)
Will    .....                   (boots unavailable)
Stlth   +.........              (no amulet)
HPRegen 0.97/turn               k - ring of poison resistance
MPRegen 0.09/turn               (no ring)

@: no status effects
A: large, unfitting armour, claws 3, regeneration 1, shaggy fur 1, tough skin 1
a: no special abilities


You were on level 2 of the Dungeon.
You visited 1 branch of the dungeon, and saw 4 of its levels.

You collected 107 gold pieces.

Inventory:

Hand Weapons
 j - the +6 spear "Nutruxit" {flame, rF+ rC+ Int-5 SInv}
   (You found it on level 2 of the Dungeon)

   It burns those it strikes, dealing additional fire damage.
   Int:       It affects your intelligence (-5).
   rF:        It protects you from fire.
   rC:        It protects you from cold.
   SInv:      It lets you see invisible.
Missiles
 n - a boomerang of dispersal (quivered)
Armour
 a - a +0 robe (worn)
 b - a +0 kite shield (worn)
Jewellery
 k - a ring of poison resistance (left claw)
Scrolls
 e - a scroll of vulnerability {unknown}
 l - a scroll of brand weapon {unknown}
 m - a scroll of noise {unknown}
Potions
 c - a potion of might
 h - a potion of attraction
 i - a potion of curing
 o - a potion of heal wounds


   Skills:
 + Level 3.1 Fighting
 - Level 2.4 Dodging
 + Level 3.5 Shields
 * Level 4.1 Unarmed Combat


You had 4 spell levels left.
You didn't know any spells.
Your spell library contained the following spells:

 Spells                   Type           Power      Damage    Failure   Level
 Blink                    Tloc           0%         N/A       90%         2
 Scorch                   Fire           0%         2d5       90%         2
 Lesser Beckoning         Tloc           0%         N/A       99%         3
 Flame Wave               Conj/Fire      0%         2d4       100%        4
 Manifold Assault         Tloc           0%         N/A       100%        5
 Summon Cactus Giant      Summ           0%         N/A       100%        6


Dungeon Overview and Level Annotations

Branches:
Dungeon (4/15)
 Temple: D:4-7

Altars:


Innate Abilities, Weirdness & Mutations

You are too large for most types of armour.
You have claws for hands.
Your natural rate of healing is unusually fast.
You are covered in fur. (AC +1)
You have tough skin. (AC +1)


Message History

You miss the adder. The adder bites you but does no damage.
You claw the adder!
The adder is severely wounded.
You block the adder's attack. You block the gnoll's attack.
You claw the adder!
You kill the adder!
You block the gnoll's attack.
Throw: 4 boomerangs (disperse)
Press: ? - help, Q - select action Shift-Dir - straight line, f - gnoll, p - gnoll
Aim: a gnoll, wielding a +0 spear (60% to hit)
You throw a boomerang of dispersal.
The boomerang of dispersal hits the gnoll but does no damage.
You block the gnoll's attack.
The gnoll hits you from afar with a +0 spear!
Throw: 3 boomerangs (disperse)
Press: ? - help, Q - select action Shift-Dir - straight line, f/p - gnoll
Aim: a gnoll, wielding a +0 spear (60% to hit)
You throw a boomerang of dispersal.
The boomerang of dispersal barely misses the gnoll.
The boomerang of dispersal hits the gnoll.
The gnoll blinks!
The gnoll is almost dead.
The gnoll hits you from afar with a +0 spear.
The gnoll hits you with a +0 spear.
You barely miss the gnoll. The gnoll barely misses you.
The gnoll hits you with a +0 spear.
You barely miss the gnoll.
The gnoll hits you from afar with a +0 halberd.
You block the gnoll's attack.
Throw: 2 boomerangs (disperse)
Press: ? - help, Q - select action Shift-Dir - straight line, f/p - gnoll
Aim: a gnoll, wielding a +0 spear (60% to hit)
You throw a boomerang of dispersal.
The boomerang of dispersal hits the gnoll.
The gnoll blinks!
The gnoll is heavily wounded.
The gnoll hits you from afar with a +0 halberd!
* * * LOW HITPOINT WARNING * * *
The gnoll hits you from afar with a +0 halberd!
You die...

.....# ####.#
###.##########
#............#
#............#
##............#
.#........g...#
..............########
..............g§@....#
......##############.#
.###### #.# .# #.# g#
#.# .# #.# .# #.#####
.# #.†.<.# .. #######


You could see 2 gnolls.

Vanquished Creatures
  Natasha (thrice) (D:2)
  A gnoll (D:3)
  3 adders (D:2)
  2 dart slugs (D:2)
  2 orcs (D:3)
  3 ball pythons
  3 endoplasms
  3 goblins
  4 hobgoblins
  2 jackals (D:1)
  A quokka (D:2)
  4 bats
  A frilled lizard (D:1)
  4 kobolds
  6 rats
42 creatures vanquished.

Notes
Turn   | Place    | Note
-------+----------+-------------------------------------------
     0 | D:1      | adizb the Troll Fighter began the quest for the Orb.
     0 | D:1      | Reached XP level 1. HP: 22/22 MP: 0/0
    98 | D:1      | Reached XP level 2. HP: 29/29 MP: 1/1
   525 | D:1      | Found a faded altar of an unknown god.
   699 | D:2      | Identified the +6 spear "Nutruxit" {flame, rF+ rC+ Int-5
                  | SInv}
   811 | D:3      | Reached skill level 3 in Unarmed Combat
   811 | D:3      | Reached XP level 3. HP: 11/36 MP: 2/2
   900 | D:3      | You fall into a shaft and drop 1 floor!
   984 | D:2      | Noticed Natasha
   997 | D:2      | Killed Natasha
   999 | D:2      | Reached XP level 4. HP: 22/44 MP: 3/3
   999 | D:2      | Noticed Natasha
  1005 | D:2      | Killed Natasha
  1067 | D:2      | Noticed Natasha
  1084 | D:2      | Killed Natasha
  1120 | D:2      | Reached skill level 4 in Unarmed Combat
  1120 | D:2      | Reached XP level 5. HP: 53/53 MP: 4/4
  1263 | D:2      | Slain by a gnoll

Illustrated notes

Levels and vault maps discovered:
D:1:      minmay_arrival_arboretum_large, layout_basic,
          shapermc_ecumenical_altar_hornbeckon
D:2:      layout_basic, uniq_natasha
D:3:      layout_basic, elyvilon_altar_1
D:4:      layout_loops_ring, lemuel_crystal_altar, tgw_sif,
          nicolae_hepliaklqana_monster_ancestors, ebering_ghost_gozag

Skill      XL: |  1  2  3  4 |
---------------+-------------+-----
Shields        | 3 |  3.5
Unarmed Combat | 3 4 |  4.1
Fighting       | 3 |  3.1
Dodging        | |  2.4

Action                   |  1- 3 |  4- 6 || total
-------------------------+-------+-------++-------
Melee: Unarmed           |    81 |    56 ||   137
Throw: Boomerang         |       |     4 ||     4
  Use: Scroll            |       |     5 ||     5
Armor: Robe              |    31 |    16 ||    47
Dodge: Dodged            |    28 |    21 ||    49
Block: Kite shield       |    32 |    31 ||    63
